 Dungeon Crawl Stone Soup version 0.27.0-1-g7a089689b8 (webtiles) character file.

Game seed: 4293069835381518310

238 fiver49 the Cutter (level 5, -7/30 HPs)
             Began as a Vampire Hunter on Aug 3, 2021.
             Mangled by an ogre (22 damage)
             ... on level 4 of the Dungeon.
             The game lasted 00:10:16 (4839 turns).

fiver49 the Cutter (Vampire Hunter)                 Turns: 4839, Time: 00:10:17

Health: -7/30      AC:  4    Str: 12      XL:     5   Next: 78%
Magic:  5/5        EV: 12    Int: 11 (13) God:
Gold:   33         SH:  0    Dex: 13 (15) Spells: 4/4 levels left

rFire    . . .     SeeInvis +   i - +0 dagger (drain)
rCold    + + .     Faith    .   (no shield)
rNeg     + + +     Spirit   .   b - +0 leather armour
rPois    ∞         Reflect  .   (no helmet)
rElec    .         Harm     .   g - +0 cloak
rCorr    .         Rampage  .   (no gloves)
Will     .....                  (no boots)
Stlth    ++++......             (no amulet)
HPRegen  0.00/turn              (no ring)
MPRegen  0.09/turn              (no ring)

@: bloodless, inhibited regen
A: bloodless, fangs 3, see invisible, vampiric 2
a: Bat Form, Revivify


You were on level 4 of the Dungeon.
You visited 1 branch of the dungeon, and saw 5 of its levels.

You collected 199 gold pieces.
You spent 166 gold pieces at shops.

Inventory:

Hand Weapons
 a - a +0 short sword
 i - a +0 dagger of draining (weapon)
Missiles
 c - 8 javelins (quivered)
 d - 4 throwing nets
 n - 7 boomerangs
Armour
 b - a +0 leather armour (worn)
 g - a +0 cloak (worn)
 u - a +0 chain mail
Jewellery
 q - a ring of ice
Wands
 m - a wand of iceblast (8)
Scrolls
 h - 2 scrolls of amnesia
 j - 2 scrolls of blinking {unknown}
 l - 3 scrolls of identify
 o - a scroll of vulnerability {unknown}
 w - a scroll of noise {unknown}
 x - a scroll of teleportation
 y - a scroll of fear {unknown}
 A - a scroll of fog {unknown}
Potions
 f - a potion of haste
 k - 4 potions of curing
 p - a potion of might {unknown}
 r - 3 potions of heal wounds
 s - a potion of mutation {unknown}
 t - 2 potions of lignification {unknown}
 v - a potion of attraction {unknown}
 z - a potion of berserk rage {unknown}


   Skills:
 - Level 1.7 Fighting
 * Level 5.6 Short Blades
 - Level 3.2 Throwing
 - Level 2.1 Dodging
 + Level 3.9 Stealth


You had 4 spell levels left.
You didn't know any spells.
Your spell library contained the following spells:

 Spells                   Type           Power      Damage    Failure   Level
 Ozocubu's Armour         Ice            0%         N/A       80%         3
 Ozocubu's Refrigeration  Ice            0%         4d5       100%        7


Dungeon Overview and Level Annotations

Branches:
Dungeon (5/15)
 Temple: D:4-7

Altars:
Gozag

Shops:
D:1 *   D:2 *   D:4 !(?((


Innate Abilities, Weirdness & Mutations

You do not regenerate when monsters are visible.
You are frail without blood (-20% HP).
You can heal yourself when you bite living creatures.
You are immune to poison.
You have razor-sharp teeth.
You have supernaturally acute eyesight. (SInv)
You are afflicted with vampirism and can become a bat while bloodless.


Message History

There is an open door here.
There is an open door here.
There is a stone staircase leading down here.
You climb downwards.
There is a stone staircase leading up here.
You see here a +0 dagger.
There is a stone staircase leading down here.
You climb downwards. 2 orcs, an orc wizard and a white imp come into view.
Found four items.
There is a stone staircase leading up here.
Unknown command.
The helpless white imp fails to defend itself.
You impale the white imp!!
You kill the white imp!
An iguana and an ogre come into view.
The iguana hisses angrily.
The ogre shouts!
The orc shouts!
The orc wizard hits you but does no damage.
You barely miss the orc wizard. The orc wizard misses you.
The orc wizard casts a spell.
The orc wizard flickers and vanishes for a moment.
The ogre hits you with a +0 giant club!
Ouch! That really hurt!
The orc wizard points at you and mumbles some strange words.
You resist with some effort.
There is a stone staircase leading up here.
The orc misses you. The ogre barely misses you.
You climb upwards.
There is a stone staircase leading down here.
You closely miss the orc. The orc hits you but does no damage.
You hit the orc but do no damage. The orc barely misses you.
You hit the orc. You drain the orc.
The orc is severely wounded.
You hit the orc. You drain the orc.
You kill the orc!
There is an escape hatch in the ceiling here.
The ogre hits you with a +0 giant club!!
Ouch! That really hurt!
You die...

..##.# #..###.# ####.#
##.#.#.## # #.#
###...#.####### ####)####
#.........[...# ........#
#.#...#.#####.#
####.##.###.##.##.# #.#
#.##.#......##.# #.#
#.##.#.###..##.#####.#
####.##...# #.8O@.∩.8...#
#....####.###.....###...#
#.#### #..........###..# ..#
###.#.......##..#
#.#########..........#..#
#................[......####
#.##########(..............#
#.# ##........#####.## #.#
##...<.#.# #..#


You could see an ogre.

Vanquished Creatures
  An orc priest (D:3)
  2 centaur skeletons (D:4)
  Terence (D:3)
  A hound skeleton (D:4)
  An adder (D:2)
  A white imp (D:5)
  An adder skeleton (D:4)
  A worm (D:2)
  2 dart slugs
  5 orcs
  3 bats
  6 endoplasms
  6 giant cockroaches
  6 hobgoblins
  11 jackals
  8 kobolds
  2 quokkas
  6 ball pythons
  6 frilled lizards
  7 goblins
  4 rats
81 creatures vanquished.

Notes
Turn   | Place    | Note
-------+----------+-------------------------------------------
     0 | D:1      | fiver49 the Vampire Hunter began the quest for the Orb.
     0 | D:1      | Reached XP level 1. HP: 16/16 MP: 1/1
    76 | D:1      | Found a faded altar of an unknown god.
    95 | D:1      | Reached skill level 1 in Short Blades
   136 | D:1      | Reached XP level 2. HP: 11/17 MP: 2/2
   310 | D:1      | Reached skill level 2 in Short Blades
   706 | D:1      | Gained mutation: You are afflicted with vampirism and can
                  | become a bat while bloodless. [Vampire growth]
   706 | D:1      | Reached XP level 3. HP: 19/21 MP: 3/3
   853 | D:1      | Reached skill level 3 in Short Blades
   934 | D:1      | Found Wiorph's General Store.
   944 | D:1      | Bought a scroll of identify for 20 gold pieces
  1637 | D:2      | Found Vuapsoj's Assorted Antiques.
  2037 | D:3      | Noticed Terence
  2047 | D:3      | Killed Terence
  2048 | D:3      | Reached skill level 4 in Short Blades
  2048 | D:3      | Reached XP level 4. HP: 13/26 MP: 4/4
  2336 | D:3      | Found an opulent altar of Gozag.
  2920 | D:4      | Found Gyadop's Distillery.
  2924 | D:4      | Bought a potion of curing for 30 gold pieces
  2924 | D:4      | Bought a potion of curing for 30 gold pieces
  2924 | D:4      | Bought a potion of heal wounds for 50 gold pieces
  2976 | D:3      | Reached XP level 5. HP: 14/30 MP: 5/5
  3192 | D:4      | Reached skill level 5 in Short Blades
  3271 | D:4      | Found Moomnam's Magic Scroll Shoppe.
  3278 | D:4      | Bought a scroll of teleportation for 36 gold pieces
  3348 | D:4      | Found Ixteuku's Antique Weapon Boutique.
  3412 | D:4      | Noticed an ogre
  4196 | D:4      | Found Juroryad's Antique Weapon Shoppe.
  4400 | D:4      | Found Qainug's Weapon Boutique.
  4428 | D:4      | Noticed an ogre
  4789 | D:5      | Entered Level 5 of the Dungeon
  4791 | D:5      | Noticed an ogre
  4839 | D:4      | Mangled by an ogre

Illustrated notes

Levels and vault maps discovered:
D:1:      lightli_arrival_flooded_house, layout_basic,
          ebering_ecumenical_altar_abandoned, serial_shops,
          nicolae_lakefront_shop
D:2:      layout_basic, serial_shops, shop, minmay_pentomino_p4
D:3:      layout_loops_corners, mainiacjoe_overflow_tiny_flanked, uniq_terence
D:4:      layout_loops_ring, serial_shops, nicolae_stop_n_shop_2, shop,
          kennysheep_mini, shop_statue, nicolae_shop_waterfront,
          minmay_crystal_water
D:5:      layout_basic, general_overflow_altar, st_stairs_8

Skill      XL: |  1  2  3  4  5 |
---------------+----------------+-----
Stealth        | 2 3 |  3.9
Short Blades   | 1 2 4 5 |  5.6
Fighting       | |  1.7
Throwing       | |  3.2
Dodging        | |  2.1

Action                   |  1- 3 |  4- 6 || total
-------------------------+-------+-------++-------
Melee: Short sword       |    74 |       ||    74
       Bite              |    16 |     8 ||    24
       Dagger            |    60 |   123 ||   183
Throw: Javelin           |     2 |       ||     2
 Abil: Exsanguinate      |     1 |       ||     1
       End Transformatio |       |     1 ||     1
       Bat Form          |       |     1 ||     1
  Use: Scroll            |     2 |       ||     2
 Stab: Sleeping          |    11 |    14 ||    25
Armor: Leather armour    |    36 |    41 ||    77
Dodge: Dodged            |    70 |    96 ||   166
